 Dungeon Crawl Stone Soup version 0.27-a0-1434-g6f15984924 (webtiles) character file.

Game seed: 4710854266649459240

4 sagitran the Skirmisher (level 1, 0/22 HPs)
             Began as a Demonspawn Wanderer on July 3, 2021.
             Slain by a jackal (3 damage)
             ... on level 2 of the Dungeon.
             The game lasted 00:02:02 (245 turns).

sagitran the Skirmisher (Demonspawn Wanderer)        Turns: 245, Time: 00:02:03

Health: 0/22       AC:  2    Str: 15    XL:     1   Next: 50%
Magic:  7/10       EV:  9    Int:  9    God:
Gold:   44         SH:  7    Dex: 13    Spells: 0/0 levels left

rFire    . . .     SeeInvis .   a - +0 club
rCold    . . .     Faith    .   c - +0 kite shield
rNeg     . . .     Spirit   .   b - +0 robe
rPois    .         Reflect  .   (no helmet)
rElec    .         Harm     .   (no cloak)
rCorr    .         Rampage  .   (no gloves)
Will     .....                  (no boots)
Stlth    ++........             (no amulet)
HPRegen  0.07/turn              e - ring of magical power
MPRegen  0.12/turn              (no ring)

@: hasted, very quick
A: no striking features
a: no special abilities


You were on level 2 of the Dungeon.
You visited 1 branch of the dungeon, and saw 2 of its levels.

You collected 44 gold pieces.

Inventory:

Hand Weapons
 a - a +0 club (weapon)
Armour
 b - a +0 robe (worn)
 c - a +0 kite shield (worn)
Jewellery
 e - a ring of magical power (left hand)


   Skills:
 + Level 6.0 Fighting
 + Level 0.1 Maces & Flails
 + Level 1.0 Crossbows
 + Level 1.1 Dodging
 + Level 1.0 Stealth
 + Level 1.0 Shields


You couldn't memorise any spells.
You knew the following spells:

 Your Spells              Type           Power      Damage    Failure   Level
a - Sting                 Tmut/Pois      0%         1d3       94%         1

Your spell library contained the following spells:

 Spells                   Type           Power      Damage    Failure   Level
 Poisonous Vapours        Pois/Air       0%         N/A       98%         2
 Static Discharge         Conj/Air       0%         N/A       98%         2
 Ignite Poison            Fire/Tmut/Pois 0%         N/A       100%        3


Dungeon Overview and Level Annotations

Branches:
Dungeon (2/15)

Altars:


Message History

You hit the jackal.
You kill the jackal!
You block the jackal's attack.
You closely miss the jackal. The jackal bites you.
You block the jackal's attack.
You hit the jackal.
The jackal is heavily wounded.
You block the jackal's attack. The jackal bites you.
You block the jackal's attack. You block the jackal's attack.
There is an open door here.
You block the jackal's attack.
You see here a frilled lizard corpse.
The jackal barely misses you.
There is an open door here.
The jackal barely misses you. The jackal closely misses you.
You block the jackal's attack. The jackal bites you.
You block the jackal's attack. x2
You block the jackal's attack. The jackal barely misses you.
The jackal bites you but does no damage.
The jackal barely misses you.
You see here 10 gold pieces.
The jackal bites you.
* * * LOW HITPOINT WARNING * * *
The jackal bites you.
* * * LOW HITPOINT WARNING * * *
The jackal barely misses you.
There is a stone staircase leading down here.
You block the jackal's attack. The jackal bites you.
* * * LOW HITPOINT WARNING * * *
You climb downwards.
There is a stone staircase leading up here.
It was a potion of haste.
You feel yourself speed up. The jackal closely misses you.
The jackal bites you but does no damage.
The jackal bites you.
You die...

#+#
.....####
......h@#
........h.#
.....######
.... ... #+


You could see 2 jackals.

Vanquished Creatures
  A bat (D:1)
  A jackal (D:1)
  A frilled lizard (D:1)
  A rat (D:1)
4 creatures vanquished.

Notes
Turn   | Place    | Note
-------+----------+-------------------------------------------
     0 | D:1      | sagitran the Demonspawn Wanderer began the quest for the
                  | Orb.
     0 | D:1      | sagitran set off with the following items: a +0 club, a +0
                  | robe, a +0 kite shield; and the following spell memorised:
                  | Sting; and the following spells available to memorise:
                  | Poisonous Vapours, Static Discharge, Ignite Poison
     0 | D:1      | Reached XP level 1. HP: 22/22 MP: 1/1
   156 | D:1      | Found a faded altar of an unknown god.
   245 | D:2      | Slain by a jackal

Illustrated notes

Levels and vault maps discovered:
D:1:      denvon_arrival_waterhouse, layout_basic, basic_ecumenical_altar
D:2:      layout_basic, basic_altar, minmay_misc_feat_nine_boxes, uniq_jessica

Action                   || total
-------------------------++-------
Melee: Club              ||    20
  Use: Potion            ||     1
Armor: Robe              ||     7
Dodge: Dodged            ||    22
Block: Kite shield       ||    17

Table legend: (Time is in decaauts)
 A = Elapsed time spent in this place.
 B = Non-inter-level travel time spent in this place.
 C = Inter-level travel time spent in this place.
 D = Time resting spent in this place.
 E = Time spent auto-exploring this place.
 F = Levels seen in this place.
 G = Mean time per level.
                   A        B        C        D        E       F      G
               +--------+--------+--------+--------+--------+-----+--------+
         Total |    256 |    256 |      0 |      0 |      0 |   2 |  128.0 |
       Dungeon |    256 |    256 |      0 |      0 |      0 |   2 |  128.0 |
               +--------+--------+--------+--------+--------+-----+--------+

Top non-repeatable levels by time:
     D:1: 253 daAuts
     D:2: 3 daAuts
